 Dungeon Crawl Stone Soup version 0.25.0-10-g039870ee82 (webtiles) character file.

Game seed: 4284651277518796473

1010 eeldvark the Sneak (level 8, -2/69 HPs)
             Began as an Octopode Venom Mage on June 22, 2020.
             Was an Initiate of Sif Muna.
             Slain by Grinder (7 damage)
             ... on level 4 of the Dungeon.
             The game lasted 00:38:28 (4236 turns).

eeldvark the Sneak (Octopode Venom Mage)            Turns: 4236, Time: 00:38:29

Health: -2/69      AC:  1    Str:  8    XL:     8   Next: 21%
Magic:  14/14      EV: 15    Int: 18    God:    Sif Muna [......]
Gold:   207        SH:  0    Dex: 13    Spells: 3/15 levels left

rFire    . . .     SeeInvis .   i - +1 dagger (speed)
rCold    . . .     Gourm    .   (no shield)
rNeg     . . .     Faith    .   (helmet restricted)
rPois    .         Spirit   .   (no amulet)
rElec    .         Reflect  .   (no ring)
rCorr    .         Harm     .   (no ring)
MR       .....                  (no ring)
Stlth    ..........             (no ring)
HPRegen  0.21/turn              (no ring)
MPRegen  0.14/turn              (no ring)
                                (no ring)
                                (no ring)

@: berserking, very quick
A: almost no armour, stealthy swim, amphibious, 8 rings, constrict 8, camouflage
1, gelatinous body 1
a: Renounce Religion


You were on level 4 of the Dungeon.
You worshipped Sif Muna.
Sif Muna was noncommittal.
You were not hungry.

You visited 2 branches of the dungeon, and saw 6 of its levels.

You collected 207 gold pieces.

Inventory:

Hand Weapons
 c - a cursed -1 morningstar
 e - a +2 whip of venom
 i - a +1 dagger of speed (weapon)
 m - a +3 dagger
Missiles
 p - 2 javelins (quivered)
Wands
 o - a wand of iceblast (10)
Scrolls
 a - 3 scrolls of remove curse
 d - 3 scrolls of amnesia
 l - 4 scrolls of enchant weapon
Potions
 f - 6 potions of curing
 g - a potion of stabbing
 h - a potion of mutation
 n - 2 potions of lignification
Comestibles
 b - 9 rations


   Skills:
 + Level 0.2 Fighting
 + Level 3.2 Short Blades
 + Level 4.7 Dodging
 + Level 6.2 Stealth
 + Level 4.1 Spellcasting
 * Level 2.9 Conjurations
 * Level 2.8 Hexes
   Level 2.7 Charms
   Level 2.7 Translocations
 - Level 4.3 Transmutations
 - Level 4.0 Fire Magic
   Level 2.7 Ice Magic
 - Level 4.1 Air Magic
   Level 2.7 Earth Magic
 + Level 5.8 Poison Magic
 - Level 3.1 Invocations
 - Level 3.3 Evocations


You had 3 spell levels left.
You knew the following spells:

 Your Spells              Type           Power        Failure   Level  Hunger
a - Sting                 Tmut/Pois      ###.         1%          1    None
b - Poisonous Vapours     Pois/Air       ###...       2%          2    ##.....
c - Ignite Poison         Fire/Tmut/Pois ###.....     6%          3    ###....
d - Mephitic Cloud        Conj/Pois/Air  ###.....     8%          3    ###....
e - Tukima's Dance        Hex            ##......     14%         3    ###....

Your spell library contained the following spells:

 Spells                   Type           Power        Failure   Level  Hunger
 Corona                   Hex            ##.....      4%          1    None
 Ensorcelled Hibernation  Hex/Ice        ##....       7%          2    ##.....
 Dazzling Flash           Conj/Hex       ##....       13%         3    ###....
 Confusing Touch          Hex            ##......     14%         3    ###....
 Olgreb's Toxic Radiance  Pois           ###.....     13%         4    ####...


Dungeon Overview and Level Annotations

Branches:
Dungeon (5/15)             Temple (1/1) D:4

Altars:
Dithmenos
Kikubaaqudgha
Nemelex Xobeh
Ru
Sif Muna
Vehumet
Yredelemnul

Shops:
D:4 [

Annotations:
D:2 1 runed translucent door, Crazy Yiuf
D:3 1 runed translucent door, IHuginn's ghost, amateur DEAE
D:4 Grinder


Innate Abilities, Weirdness & Mutations

You cannot wear most types of armour.
You are very stealthy in the water. (Stealth+)
You are amphibious.
You can wear up to eight rings at the same time.
You can use your tentacles to constrict eight enemies at once.
Your skin changes colour to match your surroundings (Stealth+).
Your rubbery body absorbs attacks. (AC +1, EV +1)


Message History

Grinder hits you!
* * * LOW HITPOINT WARNING * * *
You writhe in agony.
* * * LOW HITPOINT WARNING * * *
You can move again.
A mysterious force pulls you upwards. The hatch slams shut behind you.
Okay, then.
A red film seems to cover your vision as you go berserk!
You feel yourself moving faster!
You feel mighty! Grinder misses you.
You hit Grinder. You grab Grinder. You squeeze Grinder!
Grinder is heavily wounded.
You constrict Grinder, but do no damage.
You hit Grinder.
Grinder is heavily wounded.
You constrict Grinder, but do no damage.
You puncture Grinder!
Grinder is almost dead.
You constrict Grinder, but do no damage.
Grinder hits you!
You die...

#.....###.........#
#.......######.####
#.....#.## #.#
###########........#####.##
#..............#[#........#
#.##########...#)###....#.#
#.#### #).##...###....###
#....# ###..#......[.#.....
####.# #..@##†.>..##...#.##
#.# #.#5.$.....#..###.##
#.# #...###...##.## #..#
#.# ###...###.#..# ##.# #.#
###...#.#..# #.. #.#
###......# ##. #.# #..#...#
##. #.# #......# #.. #.#
#......# #..


You could see Grinder.

Vanquished Creatures
  An ice beast (D:5)
  An ogre (D:4)
  A scorpion (D:4)
  An orc priest (D:3)
  5 orc wizards
  Robin (D:2)
  8 adders
  An ooze (D:1)
  4 worms
  2 dart slugs (D:1)
  3 leopard geckos
  15 orcs
  2 giant cockroaches
  8 hobgoblins
  5 kobolds
  A quokka (D:2)
  5 bats
  2 frilled lizards (D:2)
  10 goblins
  8 rats
84 creatures vanquished.

Notes
Turn   | Place    | Note
-------+----------+-------------------------------------------
     0 | D:1      | eeldvark the Octopode Venom Mage began the quest for the
                  | Orb.
     0 | D:1      | Reached XP level 1. HP: 11/11 MP: 3/3
    86 | D:1      | Reached XP level 2. HP: 2/17 MP: 0/5
   414 | D:1      | Learned a level 2 spell: Poisonous Vapours
   990 | D:1      | Reached skill level 3 in Stealth
  1081 | D:1      | Reached XP level 3. HP: 4/21 MP: 2/6
  1415 | D:2      | Reached skill level 1 in Air Magic
  1820 | D:2      | Found a runed translucent door.
  1821 | D:2      | Noticed Crazy Yiuf
  1831 | D:2      | Learned a level 3 spell: Ignite Poison
  1872 | D:2      | Noticed Robin
  2225 | D:2      | Reached XP level 4. HP: 27/27 MP: 2/7
  2232 | D:2      | Killed Robin
  2541 | D:3      | Reached skill level 1 in Fire Magic
  2669 | D:3      | Reached XP level 5. HP: 31/31 MP: 3/8
  2748 | D:3      | Found a runed translucent door.
  2751 | D:3      | Noticed IHuginn's ghost (amateur DEAE)
  2760 | D:3      | Noticed a necrophage
  3033 | D:4      | Found Kockuw's Armour Shoppe.
  3072 | D:4      | Reached XP level 6. HP: 24/36 MP: 1/9
  3313 | D:4      | Found a staircase to the Ecumenical Temple.
  3349 | D:4      | Reached skill level 4 in Stealth
  3444 | Temple   | Entered the Ecumenical Temple
  3458 | Temple   | Became a worshipper of Sif Muna the Loreminder
  3549 | D:4      | Learned a level 3 spell: Mephitic Cloud
  3583 | D:4      | Reached skill level 1 in Short Blades
  3747 | D:4      | Reached XP level 7. HP: 36/41 MP: 4/11
  3840 | D:4      | Reached skill level 6 in Stealth
  3840 | D:4      | Reached skill level 5 in Poison Magic
  3840 | D:4      | Reached XP level 8. HP: 46/46 MP: 11/14
  3959 | D:5      | Entered Level 5 of the Dungeon
  4022 | D:5      | Found a sacrificial altar of Ru.
  4049 | D:5      | Learned a level 3 spell: Tukima's Dance
  4143 | D:5      | Noticed Grinder
  4227 | D:5      | Paralysed by Grinder for 5 turns
  4236 | D:4      | Slain by Grinder

Illustrated notes

Levels and vault maps discovered:
D:1:      minmay_arrival_wavy_path, layout_basic, serial_bayou_pond_d
D:2:      layout_rooms, uniq_crazy_yiuf_cottage, uniq_robin
D:3:      layout_rooms, chequers_temple_overflow_minitemple,
          hellmonk_ghost_happy_afterlife
D:4:      layout_basic, minmay_temple_entry_slanted, first_ration, serial_shops,
          nicolae_shop_behind_doors
D:5:      layout_basic, hangedman_ru_absence, uniq_grinder, uniq_blork_the_orc
Temple:   dshaligram_water_room_temple

Skill      XL: |  1  2  3  4  5  6  7  8 |
---------------+-------------------------+-----
Stealth        | 3 4 6 |  6.2
Air Magic      | 1 2 4 |  4.1
Transmutations | 2 3 4 |  4.3
Fire Magic     | 1 2 3 4 |  4.0
Poison Magic   | 4 5 |  5.8
Dodging        | 3 4 |  4.7
Short Blades   | 1 3 |  3.2
Spellcasting   | 4 |  4.1
Conjurations   | 2 |  2.9
Hexes          | 2 |  2.8
Charms         | 2 |  2.7
Translocations | 2 |  2.7
Ice Magic      | 2 |  2.7
Earth Magic    | 2 |  2.7
Invocations    | 3 |  3.1
Evocations     | 3 |  3.3
Fighting       | |  0.2

Action                   |  1- 3 |  4- 6 |  7- 9 || total
-------------------------+-------+-------+-------++-------
Melee: Unarmed           |     6 |       |       ||     6
       Constrict         |    12 |    16 |     4 ||    32
       Spear             |    37 |       |       ||    37
       Tentacles         |     3 |    13 |     5 ||    21
       Whip              |    13 |     2 |       ||    15
       Dagger            |       |    66 |    16 ||    82
 Cast: Sting             |    44 |    54 |     5 ||   103
       Poisonous Vapours |     3 |     9 |       ||    12
  Use: Scroll            |     4 |     5 |     4 ||    13
       Potion            |       |       |     2 ||     2
 Stab: Sleeping          |     3 |     2 |     2 ||     7
  Eat: Chunk             |     4 |     3 |     1 ||     8
       Ration            |       |     1 |       ||     1
Armor: Skin              |     8 |     2 |     1 ||    11
Dodge: Dodged            |    36 |    44 |     5 ||    85
